 Seeded DCSS version 0.28-a0-1567-g1695149f81 (webtiles) character file.

Game seed: 3566 (custom seed)

32 knot the Chopper (level 3, 25/29 HPs)
             Began as a Demonspawn Berserker on Jan 20, 2022.
             Was a Follower of Trog.
             Quit the game on level 2 of the Dungeon.
             The game lasted 00:00:54 (1506 turns).

knot the Chopper (Demonspawn Berserker)             Turns: 1506, Time: 00:00:55

Health: 25/29      AC:  2    Str: 17    XL:     3   Next: 10%
Magic:  3/3        EV: 12    Int: 10    God:    Trog [*.....]
Gold:   43         SH:  4    Dex: 12    Spells: 2/2 levels left

rFire   . . .      SeeInvis .   a - +0 hand axe
rCold   . . .      Faith    .   (no shield)
rNeg    . . .      Spirit   .   b - +0 animal skin
rPois   .          Reflect  .   (no helmet)
rElec   .          Harm     .   (no cloak)
rCorr   .          Rampage  .   (no gloves)
Will    .....                   (no boots)
Stlth   +.........              (no amulet)
HPRegen 0.09/turn               (no ring)
MPRegen 0.08/turn               (no ring)

@: no status effects
A: hooves 1, condensation shield
a: Renounce Religion, Berserk


You were on level 2 of the Dungeon.
You worshipped Trog.
Trog was aware of your devotion.
You visited 1 branch of the dungeon, and saw 2 of its levels.

You collected 43 gold pieces.

Inventory:

Hand Weapons
 a - a +0 hand axe (weapon)
Missiles
 c - 35 stones (quivered)
 f - 19 sling bullets
Armour
 b - a +0 animal skin (worn)
Scrolls
 d - 2 scrolls of identify {unknown}
Potions
 e - a potion of heal wounds {unknown}
 g - a potion of lignification {unknown}


   Skills:
 - Level 3.0 Fighting
 + Level 3.9 Axes
 - Level 1.7 Armour
 - Level 1.7 Dodging


You had 2 spell levels left.
You didn't know any spells.
Your spell library contained the following spells:

 Spells                   Type           Power      Damage    Failure   Level
 Corpse Rot               Necr/Air       0%         N/A       50%         2
 Poisonous Vapours        Pois/Air       0%         N/A       50%         2


Dungeon Overview and Level Annotations

Branches:
Dungeon (2/15)

Altars:


Innate Abilities, Weirdness & Mutations

You have large cloven feet.
A meltable shield of frost defends you. (SH +4)


Message History

Key pressed, stopping explore.
Key pressed, stopping explore.
No target in view!
No target in view!
No target in view!
No target in view!
A ball python comes into view.
The ball python hisses angrily.
A ball python is nearby!
The ball python bites you. The ball python grabs you.
The ball python constricts you.
You slash the ball python!
You kill the ball python!
Trog accepts your kill.
No target in view!
No target in view!
No target in view!
Key pressed, stopping explore.
No target in view!
HP restored.
An adder comes into view.
The adder hisses angrily.
You hit the adder. You kick the adder.
The adder is heavily wounded.
The adder bites you.
You miss the adder.
The adder is heavily wounded.
The adder barely misses you. x2
You closely miss the adder. Your punch misses the adder.
The adder is heavily wounded.
The adder bites you but does no damage.
You slash the adder!
You kill the adder!
Trog accepts your kill.
You have reached level 3!
Your experience leads to an increase in your attributes!
Increase (S)trength, (I)ntelligence, or (D)exterity?
You feel clever. x2; Your demonic ancestry asserts itself...
Frost condenses into a shield before you.
Are you sure you want to abandon this character and quit the game? (Confirm with "yes".)

####################
#...................
#.###############...
#.# #..) #.# #...
#.# #... #.#########
#... #.#........
#... #..@†...# #...
###.##### #... #.#
#.# #.# #.# #.# #.#


There were no monsters in sight!

Vanquished Creatures
  An adder (D:2)
  A dart slug (D:1)
  A bat (D:1)
  2 goblins
  3 hobgoblins
  3 jackals (D:1)
  4 kobolds
  3 ball pythons
  A rat (D:1)
19 creatures vanquished.

Vanquished Creatures (others)
  5 demonic plants (D:2)
  3 fungi (D:2)
  6 plants (D:2)
14 creatures vanquished.

Grand Total: 33 creatures vanquished

Notes
Turn   | Place    | Note
-------+----------+-------------------------------------------
     0 | D:1      | knot the Demonspawn Berserker began the quest for the Orb.
     0 | D:1      | Reached XP level 1. HP: 18/18 MP: 1/1
   494 | D:1      | Gained mutation: You have large cloven feet. [demonic
                  | ancestry]
   494 | D:1      | Reached XP level 2. HP: 19/24 MP: 2/2
  1506 | D:2      | Gained mutation: A meltable shield of frost defends you.
                  | (SH +4) [demonic ancestry]
  1506 | D:2      | Reached XP level 3. HP: 25/29 MP: 3/3
  1506 | D:2      | Quit the game

Illustrated notes

Levels and vault maps discovered:
D:1:      eino_arrival_tree_alley, layout_basic, grunt_decor_mini_mirrors
D:2:      layout_basic, shapermc_ecumenical_altar_gd, guppyfry_early_orc_mine,
          uniq_jessica, uniq_natasha

Skill      XL: |  1 |
---------------+----+-----
Axes           | 3 |  3.9
Fighting       | |  3.0
Armour         | |  1.7
Dodging        | |  1.7

Action                   || total
-------------------------++-------
Melee: Hand axe          ||    46
       Kick              ||     2
Invok: Berserk           ||     4
Armor: Animal skin       ||    11
Dodge: Dodged            ||    36

Table legend: (Time is in decaauts)
 A = Elapsed time spent in this place.
 B = Non-inter-level travel time spent in this place.
 C = Inter-level travel time spent in this place.
 D = Time resting spent in this place.
 E = Time spent auto-exploring this place.
 F = Levels seen in this place.
 G = Mean time per level.
                   A        B        C        D        E       F      G
               +--------+--------+--------+--------+--------+-----+--------+
         Total |   1549 |   1531 |     18 |    782 |    632 |   2 |  774.5 |
       Dungeon |   1549 |   1531 |     18 |    782 |    632 |   2 |  774.5 |
               +--------+--------+--------+--------+--------+-----+--------+

Top non-repeatable levels by time:
     D:1: 1331 daAuts
     D:2: 218 daAuts
